[Event "*** Titled Tuesday Blitz"]
[Site "Chess.com"]
[Date "2020.10.20"]
[Round "4"]
[White "Ladislav1969"]
[Black "gumimis"]
[Result "1-0"]
[WhiteElo "2428"]
[BlackElo "2286"]
[TimeControl "180+1"]
[EndTime "10:42:07 PDT"]
[Termination "Ladislav1969 won on time"]

1. e4 c5 2. d4 cxd4 3. c3 dxc3 4.
Nxc3 e6 5. Nf3 a6 6. Bc4 b5 7. Bb3 Bb7 8. O-O b4 9. Na4 Bxe4 10. Be3 Bxf3 11. Qxf3 Nc6 12. Rac1 Nge7 13. Nb6 Rb8 14.
Nc4 d5 15. Ba4 dxc4 16. Bxc6+ Nxc6 17. Qxc6+ Qd7 18. Qxc4 Be7 19. Rfd1 Qb7 20. Bf4 Ra8 21. Qc7 Qxc7 22. Rxc7 Bf6 23. Bd6 Rd8 24. Rd2 Rd7 25. Rc6 Be7 26. Rxa6 Bxd6 27. Raxd6 Rxd6 28. Rxd6 Ke7 29. Rb6 Ra8 30. Rxb4 Rxa2 31. Kf1 Ra1+ 32. Ke2 Rb1 33.
g3 h5 34. h4 g6 35. Kf3 Kf6 36. Kf4 Rf1 37. f3 Re1 38. g4 hxg4 39. fxg4 Rf1+ 40. Kg3 Rg1+ 41. Kf3 Rb1 42. Rb7 Rf1+ 43. Kg2 Rb1 44. g5+ Kg7 45. Kf3 Rh1 46. Kg3 Rg1+ 47. Kf2 Rh1 48. Rb4 e5 49. Kg2 Rb1 50. Rb7 Kf8 51.
b4 f5 52. gxf6 1-0

[Event "*** Titled Tuesday Blitz"]
[Site "Chess.com"]
[Date "2020.10.20"]
[Round "4"]
[White "indfraeng"]
[Black "maximnovik"]
[Result "0-1"]
[WhiteElo "2338"]
[BlackElo "2512"]
[TimeControl "180+1"]
[EndTime "10:42:10 PDT"]
[Termination "maximnovik won by checkmate"]

1. d4 Nf6 2. c4 g6 3. g3 Bg7 4. Bg2 O-O 5. Nc3 d6 6. Nf3 Nbd7 7. O-O e5 8. e4 c6 9. h3 exd4 10.
Nxd4 Qb6 11. Nb3 Ne5 12. Be3 c5 13. Qe2 Be6 14. Nd5 Bxd5 15. cxd5 Rfe8 16. Rac1 Qb4 17. Qc2 b5 18. Bd2 Qa4 19. f4 Nc4 20. e5 Nd7 21. e6 Ndb6 22. exf7+ Kxf7 23. f5 Qxa2 24. fxg6+ Kg8 25.
gxh7+ Kh8 26. Bc3 Re5 27. Rce1 Na4 28. Rxe5 Nxe5 29. Ra1 Nxc3 30. Qxc3 b4 31. Qc2 Qxb2 32. Qxb2 Nf3+ 33. Bxf3 Bxb2 34. Rb1 Be5 35. Re1 c4 36. Na5 c3 37. Nc6 b3 38. Nxe5 dxe5 39. Be4 a5 40. Rc1 c2 41. Rf1 a4 42. d6 Rd8 43. d7 a3 44. Bd5 b2 45. Bf7 c1=Q 46.
Be8 Qxf1+ 47. Kxf1 b1=Q+ 48. Kf2 a2 49. Kf3 a1=Q 50.
Kg4 Qe4+ 51. Kh5 Qc1 52. g4 Qef4 53. g5 Qxg5# 0-1

[Event "*** Titled Tuesday Blitz"]
[Site "Chess.com"]
[Date "2020.10.20"]
[Round "4"]
[White "konradrutkowski"]
[Black "ambaixador"]
[Result "0-1"]
[WhiteElo "2420"]
[BlackElo "2319"]
[TimeControl "180+1"]
[EndTime "10:42:10 PDT"]
[Termination "ambaixador won on time"]

1. e4 c6 2. d4 d5 3. Nc3 dxe4 4. Nxe4 Nf6 5. Bd3 Nxe4 6. Bxe4 Nd7 7. c3 Nf6 8. Bd3 Bg4 9. Ne2 e6 10. O-O Bd6 11. f3 Bh5 12. Bf4 O-O 13. Qd2 Bg6 14.
Bxd6 Qxd6 15. Nf4 c5 16. Nxg6 hxg6 17. dxc5 Qxc5+ 18. Qf2 Qc7 19. Rad1 Rfd8 20. Bc2 Nd5 21. a3 Nb6 22. Rd4 Rxd4 23. Qxd4 Rd8 24. Qf2 Nc4 25.
Bb1 Rd2 26. Qg3 Qb6+ 27. Kh1 Qxb2 28. Be4 Ne3 29. Rg1 Qxc3 30. Bxb7 Nf5 31. Qb8+ Kh7 32. Be4 Qxa3 33. Qc7 Nd6 34. Ba8 Qe3 35. h3 Re2 36. Be4 Nxe4 37. fxe4 Rf2 38. e5 a6 39. Ra1 Re2 40. Qxf7 Qxe5 41. Rf1 Qg3 42. Rg1 a5 43. Qa7 Ra2 44. Qa6 a4 45. Qxe6 Rf2 46. Qa6 a3 47.
Qa8 a2 48. Ra1 Rb2 0-1

[Event "*** Titled Tuesday Blitz"]
[Site "Chess.com"]
[Date "2020.10.20"]
[Round "4"]
[White "Msb2"]
[Black "sergeikim"]
[Result "1-0"]
[WhiteElo "2919"]
[BlackElo "2535"]
[TimeControl "180+1"]
[EndTime "10:42:11 PDT"]
[Termination "Msb2 won on time"]

1. d4 Nf6 2. c4 g6 3. Nc3 Bg7 4. e4 d6 5. Be2 O-O 6. Be3 e5 7. d5 a5 8. g4 Na6 9. h4 Nc5 10. f3 Bd7 11. h5 Rc8 12. Qd2 Qe7 13. Nh3 c6 14. hxg6 fxg6 15. dxc6 Bxc6 16. O-O-O Rcd8 17. Nf2 Ne6 18. Kb1 Nd4 19. Rh3 Rf7 20. Bf1 Rdf8 21. Bg2 Nd7 22. Bxd4 exd4 23. Ne2 Nc5 24. Nxd4 Bd7 25.
Ne2 Qe5 26. Nc3 Be6 27. Qxd6 Bxc4 28. Qxe5 Bxe5 29. g5 Bf4 30. Ng4 Bxg5 31. Ne5 Be6 32. Nxf7 Bxh3 33. Bxh3 Rxf7 34. Rd5 Be7 35. Bg2 h5 36.
Ne2 Kg7 37. f4 Bf8 38. Kc2 Ne6 39. f5 Nc5 40. Nf4 gxf5 41. exf5 Kh6 42. Bh3 Kg5 43.
Ne6+ Kh4 44. Nxc5 Bxc5 45. Bf1 b6 46. Be2 Rf6 47. a3 Kg5 48. Kb3 h4 49. Rd3 Kf4 50.
Ka4 1-0

[Event "*** Titled Tuesday Blitz"]
[Site "Chess.com"]
[Date "2020.10.20"]
[Round "4"]
[White "Deepweb2020"]
[Black "Xeniya2005"]
[Result "0-1"]
[WhiteElo "2233"]
[BlackElo "2412"]
[TimeControl "180+1"]
[EndTime "10:42:11 PDT"]
[Termination "Xeniya2005 won by checkmate"]

1. d4 Nf6 2. c4 b6 3. Nf3 Bb7 4. g3 g6 5. Bg2 Bg7 6. O-O O-O 7.
Nc3 d5 8. cxd5 Nxd5 9. Re1 Nxc3 10. bxc3 Nd7 11. e4 c5 12. Bf4 Rc8 13. Rc1 cxd4 14. cxd4 Rxc1 15. Qxc1 Qc8 16. Qa3 Qa8 17. Qxe7 Nf6 18. d5 Re8 19. Qb4 Qc8 20. Nd4 Nxd5 21.
Qa4 Nxf4 22. gxf4 Rd8 23. Nf3 Qc7 24. e5 Bf8 25. Ng5 Bxg2 26. Kxg2 Bc5 27. e6 fxe6 28.
Rxe6 Qb7+ 29. Kg3 Qd5 30. Re8+ Rxe8 31. Qxe8+ Kg7 32. Qb8 Qd3+ 33. f3 Qd7 34. Qe5+ Kg8 35. Qe4 Qe7 36. Qc4+ Kg7 37. Qc3+ Kg8 38. Qc4+ Kf8 39.
a4 a5 40. Qb5 Kg8 41. Qc6 Qe1+ 42. Kg2 Qg1+ 43. Kh3 Qf1+ 44. Kg3 Bf2+ 45. Kg4 Qg2# 0-1

[Event "*** Titled Tuesday Blitz"]
[Site "Chess.com"]
[Date "2020.10.20"]
[Round "4"]
[White "TrenerChos"]
[Black "Shockerlover"]
[Result "1-0"]
[WhiteElo "2192"]
[BlackElo "1886"]
[TimeControl "180+1"]
[EndTime "10:42:14 PDT"]
[Termination "TrenerChos won on time"]

1. d4 g6 2. Nf3 Bg7 3. g3 d6 4. Bg2 Nf6 5. O-O O-O 6. c4 c6 7. Nc3 Nbd7 8. e3 e5 9. b3 Qe7 10. Bb2 e4 11. Nd2 d5 12. a4 h5 13. Ba3 c5 14.
cxd5 Re8 15. Ndxe4 Nxe4 16. Nxe4 Qd8 17. Nd6 Re7 18.
dxc5 Ne5 19. c6 Bg4 20. f3 bxc6 21. dxc6 Be6 22. Nb7 Nxc6 23. Nxd8 Rxd8 24. Qd4 Nxd4 25. Bxe7 Rd7 26. Rad1 Ne2+ 27. Kf2 Rxe7 28. Kxe2 Bxb3 29.
Rd8+ Kh7 30. Rb1 Bxa4 31. e4 Bc3 32. Kd3 Bf6 33. Rd6 Kg7 34. f4 Rc7 35. e5 Be7 36. Rd4 Bd7 37. Rb7 Bf5+ 38. Kd2 Rc2+ 39. Kd1 Bc5 40.
Rd3 Rxg2 41. Rc3 Bb6 42. Re7 Rg1+ 43. Kd2 Rg2+ 44. Kc1 Rg1+ 45. Kb2 Rg2+ 46. Ka3 Rxh2 47. Kb4 Rb2+ 48. Kc4 1-0

[Event "*** Titled Tuesday Blitz"]
[Site "Chess.com"]
[Date "2020.10.20"]
[Round "4"]
[White "MikeSailer"]
[Black "kasparicy"]
[Result "1/2-1/2"]
[WhiteElo "2110"]
[BlackElo "2372"]
[TimeControl "180+1"]
[EndTime "10:42:15 PDT"]
[Termination "Game drawn - insufficient material"]

1. d4 f5 2. e4 fxe4 3. Nc3 Nf6 4. Bg5 Nc6 5. d5 Ne5 6. Qd4 Nf7 7. Bxf6 exf6 8.
Nxe4 Bd6 9. Nxd6+ Nxd6 10. O-O-O O-O 11. Bd3 a6 12. Qh4 f5 13. Qxd8 Rxd8 14. Nf3 b5 15. Rhe1 Bb7 16. Re5 Re8 17. Rde1 g6 18. b3 Rxe5 19.
Rxe5 Kf7 20. c4 bxc4 21. bxc4 Kf6 22. h3 a5 23. g4 fxg4 24. hxg4 Ba6 25. g5+ Kf7 26. Nd2 Rb8 27. Kc2 Nb7 28. Ne4 Rh8 29. c5 Bxd3+ 30. Kxd3 h5 31. d6 cxd6 32. cxd6 Re8 33.
Rxe8 Kxe8 34. Nf6+ Kf7 35. Kc4 Ke6 36. Kb5 h4 37. Ng4 Kxd6 38. Kb6 Nc5 39. Kxa5 Nd3 40. a4 h3 41. Kb6 Nb2 42. a5 Nc4+ 43. Kb5 Nxa5 44.
Kxa5 Kd5 45. Kb4 Ke4 46. Kc5 Kf3 47. Nh2+ Kxf2 48. Kd6 Kg2 49. Ng4 Kg3 50. Ne3 Kf4 51. Nf1 Kxg5 52. Kxd7 Kg4 53. Ke6 Kf3 54. Kf6 Kg2 55.
Ne3+ Kg1 56. Ng4 h2 57. Nxh2 Kxh2 58. Kxg6 1/2-1/2

[Event "*** Titled Tuesday Blitz"]
[Site "Chess.com"]
[Date "2020.10.20"]
[Round "4"]
[White "Ermito2020"]
[Black "Tenamu"]
[Result "1-0"]
[WhiteElo "2642"]
[BlackElo "2411"]
[TimeControl "180+1"]
[EndTime "10:42:16 PDT"]
[Termination "Ermito2020 won by resignation"]

1. e4 e6 2. d4 d5 3. Nc3 Nf6 4.
e5 Nfd7 5. f4 c5 6. Nf3 Nc6 7.
Be3 Qb6 8. Na4 Qa5+ 9. c3 b6 10. a3 c4 11. b4 cxb3 12. Qxb3 Ba6 13. Kf2 Rc8 14. Bd2 Bxf1 15. Rhxf1 b5 16. Nb2 Nb6 17. Qc2 Qa6 18. Kg1 Be7 19. f5 Kd7 20. Qd3 Na5 21.
Bg5 Nac4 22. Nxc4 bxc4 23. Qb1 Rce8 24. Bxe7 Rxe7 25. fxe6+ fxe6 26. Ng5 h6 27. Nf7 Rf8 28. Nd6 Rxf1+ 29. Qxf1 Nc8 30. Nxc8 Qxc8 31. Rb1 Kc6 32. Qd1 Qa6 33. h3 Qxa3 34. Qf3 Rc7 35. Qg4 Re7 36. Qf3 Re8 37. Kh2 Rf8 38. Qg4 Qe7 39. Qd1 Qa3 40. Ra1 Qb3 41. Qg4 Re8 42. Qxg7 Qb6 43.
Rxa7 Rd8 44. Qe7 Rb8 45. Qxe6+ Kb5 46. Qe7 Kc6 47. Rd7 Kb5 48. Rxd5+ Ka4 49. Rc5 Kb3 50.
Qf7 Qa6 51. Qf3 Rg8 52. d5 Qb6 53. Rc6 Qb8 54. Qe4 Qb5 55. e6 Re8 56. e7 Qb8+ 57.
d6 Qb5 58. Qxc4+ Qxc4 59. Rxc4 Kxc4 60. d7 Rxe7 61. d8=Q Re3 62. Qd4+ 1-0

[Event "*** Titled Tuesday Blitz"]
[Site "Chess.com"]
[Date "2020.10.20"]
[Round "4"]
[White "Sanan_Sjugirov"]
[Black "Abdimalik_Abdisalimov"]
[Result "1-0"]
[WhiteElo "2914"]
[BlackElo "2745"]
[TimeControl "180+1"]
[EndTime "10:42:18 PDT"]
[Termination "Sanan_Sjugirov won by resignation"]

1. c4 c5 2. Nc3 g6 3. g3 Bg7 4. Bg2 Nc6 5. a3 e6 6. Rb1 a5 7. Nf3 Nge7 8. O-O O-O 9. Nb5 d5 10. cxd5 exd5 11. d4 Bf5 12. Ra1 Qb6 13. a4 cxd4 14.
Bf4 Rac8 15. Rc1 Be4 16. Qd2 Nf5 17. Rfd1 Nb4 18. Bc7 Qa6 19. Bh3 d3 20. Ng5 Bh6 21. Bf4 Rxc1 22. Rxc1 dxe2 23. Qxe2 Nd3 24. Rc7 Nxf4 25.
gxf4 Bxg5 26. fxg5 Nd6 27. Rd7 Nc4 28. Re7 Qb6 29.
b3 Nd6 30. Qe3 Qxe3 31. fxe3 Nxb5 32. axb5 Rb8 33. b6 d4 34. exd4 Bd5 35. Re5 Bxb3 36.
Rxa5 Kf8 37. Rc5 Rd8 38. Rc7 Rxd4 39. Rxb7 Rb4 40. Rb8+ Kg7 41. Bg2 Bc4 42. Kf2 Rb2+ 43. Kg3 Ba6 44. h4 Rb3+ 45. Kf4 Rb4+ 46. Ke5 Rxh4 47.
Ra8 Rg4 48. Bc6 Rxg5+ 49. Kd6 Bb5 50. b7 Bxc6 51. Kxc6 Rf5 52. b8=Q Rf6+ 53. Kd7 Kh6 54. Qh2+ Kg7 55. Qe5 1-0

[Event "*** Titled Tuesday Blitz"]
[Site "Chess.com"]
[Date "2020.10.20"]
[Round "4"]
[White "DrVitman"]
[Black "GoltsevDmitry2000"]
[Result "1/2-1/2"]
[WhiteElo "2472"]
[BlackElo "2677"]
[TimeControl "180+1"]
[EndTime "10:42:19 PDT"]
[Termination "Game drawn - insufficient material"]

1. e4 c5 2. Nc3 e6 3. Nge2 Nc6 4. g3 a6 5. Bg2 Qc7 6. O-O g6 7. d4 cxd4 8. Nxd4 Bg7 9. Be3 Nge7 10. Qd2 Ne5 11. b3 O-O 12. h3 d6 13. Nce2 b5 14. a4 Bd7 15. axb5 axb5 16. Bh6 f6 17. Bxg7 Kxg7 18. f4 Nf7 19. Rxa8 Rxa8 20. e5 d5 21. exf6+ Kxf6 22. Nxb5 Bxb5 23. Qd4+ e5 24. fxe5+ Kg7 25. Nf4 Qxe5 26. Qxe5+ Nxe5 27. Re1 Kf6 28. c4 Bd7 29. Bxd5 Ra3 30. c5 Bc6 31. Bxc6 N7xc6 32. Re3 Nd4 33. Kf2 Ra2+ 34. Kf1 Nef3 35. c6 Rc2 36. c7 Kf5 37. Nd5 Nd2+ 38. Ke1 Ne4 39. c8=Q+ Rxc8 40. Ne7+ Ke5 41.
Nxc8 Nc2+ 42. Ke2 Nxe3 43. Kxe3 Nxg3 44. b4 Nf5+ 45. Kf3 Kd4 46. Nb6 h5 47. Kf4 Nd6 48.
Nd7 Nf7 49. Nf8 g5+ 50. Kf5 Kc4 51. Ne6 g4 52. hxg4 hxg4 53. Kxg4 Kxb4 1/2-1/2

[Event "*** Titled Tuesday Blitz"]
[Site "Chess.com"]
[Date "2020.10.20"]
[Round "4"]
[White "Ty3oB"]
[Black "Borsuk_Konstantin"]
[Result "0-1"]
[WhiteElo "2247"]
[BlackElo "2569"]
[TimeControl "180+1"]
[EndTime "10:42:19 PDT"]
[Termination "Borsuk_Konstantin won on time"]

1. e4 e6 2. d4 d5 3. Nc3 Bb4 4. e5 b6 5. Qg4 Bf8 6. Bg5 Qd7 7.
O-O-O a5 8. f4 Ne7 9. Bd3 Ba6 10. h4 Bxd3 11. Rxd3 h5 12. Qe2 Nf5 13. g4 hxg4 14. Qxg4 a4 15. Nf3 a3 16. b3 Na6 17. Kb1 Nb4 18.
Rd2 c5 19. dxc5 bxc5 20. h5 Qc7 21. Re1 Qb7 22. Nh4 Nd4 23. f5 Qd7 24. Ne2 exf5 25. Qg2 Ne6 26. Nxf5 Rxh5 27. c3 Rxg5 28. Qf3 Rxf5 29. Qxf5 Nc6 30. Red1 Nc7 31. Qf3 Nxe5 32. Qe3 Qf5+ 33. Ka1 O-O-O 34. Ng3 Qe6 35. Re2 f6 36. Qf4 Qa6 37. Nf5 Kb8 38. Rc2 g6 39. Qe3 gxf5 40. b4 c4 41. Qf4 Nb5 42. Qxf5 Qc6 43. Rf1 Be7 44. Qh7 Rd7 45. Qg8+ Kb7 46. Rh1 d4 47.
cxd4 Nxd4 48. Rc3 Nb5 49. Rc2 Bxb4 50. Rhc1 c3 51. Qb3 Rd4 52. Rb1 Nd3 53. Qf7+ Kb6 54.
Qg8 Qd6 55. Qa8 Nc5 56. Qg8 Na6 57. Qa8 Rd1 58. Rcc1 c2 59. Rxc2 Qd4+ 0-1

[Event "*** Titled Tuesday Blitz"]
[Site "Chess.com"]
[Date "2020.10.20"]
[Round "4"]
[White "EvgenyRomanov"]
[Black "zverr1"]
[Result "0-1"]
[WhiteElo "2586"]
[BlackElo "2422"]
[TimeControl "180+1"]
[EndTime "10:42:19 PDT"]
[Termination "zverr1 won by resignation"]

1. d4 Nf6 2. c4 g6 3. Nc3 Bg7 4. e4 O-O 5. h3 d6 6. Bg5 c5 7. d5 b5 8. cxb5 a6 9. a4 Qa5 10. Bd2 axb5 11. Bxb5 Na6 12. Nf3 Nc7 13. Ra3 Bd7 14.
Bxd7 Nxd7 15. O-O Qa6 16. Qc2 Rfb8 17. Re1 Qb6 18. Bc1 Na6 19. Nb5 Nb4 20. Qe2 Qb7 21.
h4 Nb6 22. Nc3 Qa6 23. a5 Nc4 24. Ra4 Nxa5 25. Bg5 Qxe2 26. Rxe2 f6 27. Bf4 Nc4 28. Rxa8 Rxa8 29. b3 Ra1+ 30. Kh2 Ne5 31. Nxe5 fxe5 32. Bg5 Bf6 33. Nb5 Rb1 34. Re3 Bxg5 35. hxg5 Nc2 36. Rd3 Na1 37. Na7 Rxb3 38. Rd1 Ra3 39. Nc6 Kf7 40.
f4 exf4 41. Rf1 f3 42. gxf3 c4 43. f4 c3 44. f5 c2 45. fxg6+ Kxg6 46. Nxe7+ Kxg5 47. Nf5 Nb3 48. Rg1+ Kf6 49. Ne3 c1=Q 50. Rxc1 Nxc1 51. Nc4 Ra2+ 52. Kh3 Ke7 53. e5 dxe5 54. Nxe5 Kd6 55. Ng4 Kxd5 56. Nf6+ Kd4 57. Nxh7 Ke3 58.
Ng5 Ne2 59. Kg4 Ra4+ 60. Kf5 Ra5+ 61. Kf6 Kf4 62. Ne6+ Kg4 63. Nd4 Nxd4 0-1

[Event "*** Titled Tuesday Blitz"]
[Site "Chess.com"]
[Date "2020.10.20"]
[Round "4"]
[White "garfield_pg"]
[Black "Eliwood44"]
[Result "1-0"]
[WhiteElo "2317"]
[BlackElo "2429"]
[TimeControl "180+1"]
[EndTime "10:42:21 PDT"]
[Termination "garfield_pg won by resignation"]

1. e4 e5 2. Nf3 Nc6 3. d4 exd4 4. Nxd4 Nf6 5. Nxc6 bxc6 6. e5 Qe7 7. Qe2 Nd5 8. c4 Nb6 9. Nc3 Qe6 10. Bd2 Bb4 11.
Qe4 Ba6 12. b3 O-O 13. Bd3 g6 14. O-O Rfe8 15. Rfe1 Bb7 16. f4 a5 17. f5 Qxf5 18. Qxf5 gxf5 19. Bxf5 a4 20. Ne4 Bxd2 21. Nxd2 axb3 22.
axb3 Rxa1 23. Rxa1 Rxe5 24. Ra7 Bc8 25. g4 h5 26. h3 d5 27. c5 Bxf5 28. cxb6 cxb6 29. gxf5 Rxf5 30. Ra6 c5 31. Rxb6 c4 32. bxc4 dxc4 33. Nxc4 Kg7 34. Kg2 Rc5 35. Nd6 Rc2+ 36. Kg3 Rc3+ 37.
Kh4 Ra3 38. Nf5+ Kg8 39. Rh6 Rf3 40. Kg5 Rxh3 41. Kf6 Rf3 42. Rxh5 Rf1 43. Rg5+ Kf8 44.
Rg3 Rf2 45. Re3 Rf1 46. Rb3 Kg8 47. Rb8+ Kh7 48. Rf8 Rf2 49. Rxf7+ Kh8 50. Rf8+ Kh7 51. Rf7+ Kg8 52. Rb7 Rf1 53. Kg6 Rg1+ 54. Kf6 Rf1 55.
Ra7 Rf2 56. Ra4 Rf1 57. Ra2 Rf3 58. Kg6 Rxf5 59. Kxf5 1-0

[Event "*** Titled Tuesday Blitz"]
[Site "Chess.com"]
[Date "2020.10.20"]
[Round "4"]
[White "mirceaparligras"]
[Black "Teo2000"]
[Result "1/2-1/2"]
[WhiteElo "2652"]
[BlackElo "2450"]
[TimeControl "180+1"]
[EndTime "10:42:22 PDT"]
[Termination "Game drawn - insufficient material"]

1. d4 Nf6 2. c4 c5 3. d5 b5 4. cxb5 e6 5. Nc3 exd5 6. Nxd5 Bb7 7. Nxf6+ Qxf6 8. Nf3 d5 9. e3 Bd6 10. Be2 Nd7 11.
O-O O-O 12. a4 Rad8 13. Qc2 Rfe8 14. b3 Ne5 15. Bb2 d4 16. Nxe5 Qxe5 17. g3 Qd5 18.
e4 Qxe4 19. Qxe4 Bxe4 20. Bc4 Kf8 21. f3 Bc2 22. Rfe1 d3 23. Bc3 f6 24. f4 f5 25.
Rxe8+ Rxe8 26. Re1 Rxe1+ 27. Bxe1 Be7 28. Kf2 Bf6 29. Bd2 Bd4+ 30. Kf1 Ke7 31. a5 Kd7 32. h4 Kc7 33. Ke1 h6 34. Be6 g6 35. Bf7 Kb7 36. Be6 Kc7 37. h5 gxh5 38. Bxf5 Bxb3 39. Bxd3 c4 40.
Bg6 c3 41. Bc1 Bc4 42. Be8 Kd8 43. Bc6 Bd3 44. b6 axb6 45. axb6 Bxb6 46. Bf3 Bd4 47. Bxh5 Ke7 48. Be2 Be4 49. g4 Kf6 50. g5+ hxg5 51.
fxg5+ Kg6 52. Bd1 Be5 53. Be2 Bd6 54. Bd1 Be7 55. Bb3 Bb4 56. Ke2 Bf5 57. Ba4 c2 58.
Bb3 Be7 59. Ke1 Bxg5 60. Bxg5 Kxg5 61. Bxc2 1/2-1/2

[Event "*** Titled Tuesday Blitz"]
[Site "Chess.com"]
[Date "2020.10.20"]
[Round "4"]
[White "sotochess"]
[Black "dpopadic"]
[Result "1/2-1/2"]
[WhiteElo "2628"]
[BlackElo "2387"]
[TimeControl "180+1"]
[EndTime "10:42:22 PDT"]
[Termination "Game drawn by repetition"]

1. e4 c5 2. Nf3 Nc6 3. d4 cxd4 4.
Nxd4 Nf6 5. Nc3 e5 6. Ndb5 d6 7.
Bg5 a6 8. Na3 b5 9. Nd5 Be7 10.
Bxf6 Bxf6 11. Nb1 Bg5 12. a4 b4 13. c3 Rb8 14. Nd2 Bxd2+ 15. Qxd2 O-O 16. Be2 a5 17. O-O Be6 18. Rad1 Kh8 19. Bb5 Na7 20. Be2 bxc3 21. bxc3 Qd7 22. Qe3 Nc8 23. Bb5 Qb7 24. f4 f6 25. Kh1 Na7 26. c4 Nc6 27. c5 dxc5 28. Qxc5 Nd4 29. fxe5 Nxb5 30. axb5 Rfc8 31. Qd6 Bxd5 32.
Rxd5 fxe5 33. Qxe5 Re8 34. Qd4 Qb6 35. Qc3 Rxe4 36.
Rd7 Rg4 37. h3 Rg6 38. Rf5 a4 39. Qa3 h6 40. Qxa4 Qe6 41. Qf4 Qxd7 42. Qxb8+ Kh7 43. Qe5 Re6 44. Qf4 Re1+ 45. Kh2 Rb1 46. Qe4 Qd6+ 47.
Re5+ Qg6 48. Qxg6+ Kxg6 49. h4 Kf6 50. Rc5 g6 51.
Kh3 h5 52. g3 Rb2 53. Rc6+ Kf5 54. b6 Rb3 55. Kg2 Rb2+ 56. Kf3 Rb3+ 57. Kf2 Rb2+ 58. Ke1 Rb3 59. Kf2 Rb2+ 60. Kf3 Rb3+ 61. Kg2 Rb2+ 62. Kh3 Rb3 63. Rd6 Rb2 64. Rd5+ Kf6 65. Rd6+ Kf5 66.
Rc6 1/2-1/2

[Event "*** Titled Tuesday Blitz"]
[Site "Chess.com"]
[Date "2020.10.20"]
[Round "4"]
[White "Ariadna_Atreides"]
[Black "dominikaf"]
[Result "1-0"]
[WhiteElo "2059"]
[BlackElo "2224"]
[TimeControl "180+1"]
[EndTime "10:42:26 PDT"]
[Termination "Ariadna_Atreides won on time"]

1. d4 d5 2. Nf3 c6 3. c4 e6 4.
Nbd2 f5 5. e3 Nf6 6. Bd3 Bd6 7.
O-O O-O 8. Ne5 Bxe5 9. dxe5 Ng4 10. Nf3 Nd7 11. b3 Ngxe5 12. Bb2 Nxf3+ 13. Qxf3 Qg5 14. cxd5 exd5 15. b4 a6 16. a4 Nf6 17. b5 axb5 18. axb5 Rxa1 19. Rxa1 Ne4 20. bxc6 bxc6 21. Ra7 Rf7 22.
Ra8 Qd8 23. Ba6 Nd6 24. Be5 Qb6 25. h3 Ra7 26. Rxa7 Qxa7 27. Bxc8 Nxc8 28. Qxf5 Ne7 29.
Qe6+ Kf8 30. Bd6 Qb7 31. Kh2 h6 32. f4 g5 33. f5 c5 34. f6 c4 35. fxe7+ Ke8 36.
Qg8+ Kd7 37. Qd8+ Ke6 38. e8=Q+ Kf5 39. Qf7+ Ke4 40. Qe6+ Kd3 41. Qf5+ Ke2 42. Qe7 Qb3 43. Qf3+ Kd2 44. Qf2+ Kc1 45. Qh7 Qd3 46. Qxh6 c3 47.
Qg1+ Kb2 48. Qxg5 Qd2 49. Qg3 c2 50. Q3f2 c1=Q 51. Be5+ Kc2 52. Qxd2+ Qxd2 53. h4 Kd3 54. Kh3 Ke4 55. Bf4 Qa5 56. Qf2 Qb6 57. Qf3+ Kd3 58.
h5 Qe6+ 59. g4 1-0

[Event "*** Titled Tuesday Blitz"]
[Site "Chess.com"]
[Date "2020.10.20"]
[Round "4"]
[White "GlennTipton"]
[Black "sopo-tereladze"]
[Result "1/2-1/2"]
[WhiteElo "2427"]
[BlackElo "2298"]
[TimeControl "180+1"]
[EndTime "10:42:30 PDT"]
[Termination "Game drawn by stalemate"]

1. e4 e5 2. Nf3 Nc6 3. d4 exd4 4. Bc4 Nf6 5. O-O Nxe4 6. Re1 d5 7. Bxd5 Qxd5 8. Nc3 Qa5 9. Nxe4 Be6 10. Neg5 O-O-O 11. Rxe6 fxe6 12. Nf7 Bc5 13. Nxh8 Rxh8 14. Bf4 Re8 15.
a3 e5 16. b4 Qb5 17. bxc5 exf4 18. Nxd4 Qxc5 19. Qg4+ Kb8 20. Nxc6+ Qxc6 21. Qxf4 a6 22. Qf5 g6 23. Qd3 Qe4 24. Kf1 Qxd3+ 25. cxd3 b5 26. Rc1 Kb7 27. h4 Kb6 28. f4 c5 29. Kf2 a5 30. Kf3 b4 31. a4 Rd8 32. Ke3 Kc6 33.
g4 Kd5 34. Rc4 b3 35. Kd2 Rb8 36. Kc1 b2+ 37. Kb1 Rb3 38. f5 gxf5 39. gxf5 Rxd3 40. Rf4 c4 41. Kxb2 Ke5 42. Rxc4 Kxf5 43. Rc5+ Kg4 44. h5 Rd4 45. Rxa5 h6 46. Kc3 Rf4 47. Kb3 Rf3+ 48. Kc4 Rf4+ 49. Kb5 Kxh5 50. Kb6+ Kg4 51. Ra8 h5 52. a5 Rb4+ 53. Kc5 Ra4 54. Kb5 Ra1 55. Rg8+ Kh3 56. a6 h4 57. Kb6 Kh2 58. a7 h3 59. Rg5 Kh1 60. Ra5 Rxa5 61. Kxa5 h2 62. a8=Q+ Kg1 63. Qa7+ Kg2 64. Qb7+ Kg1 65. Qb6+ Kg2 66. Qc6+ Kg1 67. Qc5+ Kg2 68. Qg5+ Kh1 69. Qf4 Kg2 70. Qg4+ Kh1 71. Qh3 Kg1 72. Qg3+ Kh1 73. Kb4 1/2-1/2

[Event "*** Titled Tuesday Blitz"]
[Site "Chess.com"]
[Date "2020.10.20"]
[Round "4"]
[White "WiktoriaPOL"]
[Black "VladaSviridova"]
[Result "1-0"]
[WhiteElo "2060"]
[BlackElo "2239"]
[TimeControl "180+1"]
[EndTime "10:42:30 PDT"]
[Termination "WiktoriaPOL won on time"]

1. c4 c6 2. Nf3 d5 3. e3 Nf6 4. b3 e6 5. Bb2 Bd6 6. Be2 O-O 7.
O-O b6 8. Nc3 Bb7 9. cxd5 cxd5 10.
Nb5 Be7 11. Rc1 Nc6 12. Ne5 Nxe5 13. Bxe5 a6 14. Bc7 Qd7 15. Nd4 Rfc8 16. Bxb6 Qd6 17. Ba5 Qa3 18. Bc3 Ne4 19. Rc2 Bf6 20. f3 Nxc3 21.
dxc3 Rd8 22. Qd3 e5 23. Nf5 e4 24. fxe4 dxe4 25. Qc4 Rac8 26. Ne7+ Qxe7 27. Qa4 Qd7 28. Qxd7 Rxd7 29. Bg4 Rcd8 30. Bxd7 Rxd7 31. c4 Rd3 32. Kf2 Bg5 33. Re1 Be7 34. c5 Bc6 35. Ree2 f5 36. Red2 Kf7 37. Rxd3 exd3 38. Rc3 Ke6 39. b4 Bb5 40. c6 d2 41. c7 d1=Q 42. c8=Q+ Bd7 43. Qc4+ Qd5 44. Qxa6+ Bd6 45. Rd3 Qe5 46. Qc4+ Kf6 47. Qd5 Qxd5 48. Rxd5 Ke6 49. Rd4 Be5 50. Rc4 Ba4 51. Rc5 Bd6 52. Ra5 Bc2 53. b5 Be4 54. a4 g5 55. Ra6 h5 56. b6 Kd7 57. g3 h4 58. a5 Bb7 59. Ra7 Kc6 60. gxh4 1-0

[Event "*** Titled Tuesday Blitz"]
[Site "Chess.com"]
[Date "2020.10.20"]
[Round "4"]
[White "Alexander_Moskalenko"]
[Black "WIDBIFS"]
[Result "0-1"]
[WhiteElo "2889"]
[BlackElo "2750"]
[TimeControl "180+1"]
[EndTime "10:42:34 PDT"]
[Termination "WIDBIFS won on time"]

1. c4 Nf6 2. Nc3 g6 3. e4 d6 4. d4 Bg7 5. Nf3 O-O 6. Be2 Bg4 7. d5 e5 8. Be3 a5 9. a3 Na6 10. h3 Bxf3 11. Bxf3 Nd7 12. h4 f5 13. h5 f4 14. Bd2 Nac5 15. hxg6 hxg6 16. Ke2 a4 17. Qg1 Nf6 18. g3 Nb3 19. gxf4 Nd4+ 20. Ke3 Qe8 21. Bd1 Nd7 22. f3 exf4+ 23. Kf2 Nb3 24. Bxb3 Bd4+ 25.
Ke2 Bxg1 26. Raxg1 axb3 27. Nb5 Rc8 28. Bc3 Ne5 29.
Rg5 Qe7 30. Rg2 Rf7 31. Rgh2 Qf6 32. Nd4 Re8 33. Nxb3 g5 34. Rg1 g4 35. Bxe5 Qxe5 36. Rxg4+ Rg7 37. Rxg7+ Kxg7 38. Kd3 Rh8 39. Rg2+ Kf7 40.
Nd4 Rh3 41. a4 Qh5 42. Rf2 Rh2 43. Rxh2 Qxh2 44. Ne6 Qxb2 45. Nxf4 Qb3+ 46. Ke2 Qxc4+ 47. Ke3 Qxa4 48. Ne6 Qb3+ 49. Kf4 c5 50. Ng5+ Ke7 51. Ne6 c4 52. Nd4 Qb2 53. Nf5+ Kd7 54. Ne3 Qc1 55. e5 dxe5+ 56. Ke4 Qd2 57. Nf5 Qd3+ 58. Kxe5 c3 59. Nd4 c2 60. Nxc2 Qxc2 61. d6 Qd3 0-1

[Event "*** Titled Tuesday Blitz"]
[Site "Chess.com"]
[Date "2020.10.20"]
[Round "4"]
[White "MaxLeto"]
[Black "davidkalashian"]
[Result "0-1"]
[WhiteElo "2341"]
[BlackElo "2610"]
[TimeControl "180+1"]
[EndTime "10:42:37 PDT"]
[Termination "davidkalashian won on time"]

1. g4 d5 2. Bg2 c6 3. g5 e5 4. d4 e4 5. c4 Bd6 6. Nc3 Ne7 7. Qb3 O-O 8. Bd2 a6 9. cxd5 cxd5 10. Nxd5 Nxd5 11.
Qxd5 e3 12. Bxe3 Nc6 13. a3 Be6 14. Qe4 Ne7 15. Qxb7 Rb8 16. Qxa6 Rxb2 17. Nf3 Nd5 18. Bd2 Nb6 19. Qd3 Bc4 20. Qc3 Rb3 21. Qc2 Qe7 22.
e4 Rc8 23. e5 Bd5 24. Qd1 Bc4 25. Be3 Bb8 26. Nd2 Rxa3 27. Nxc4 Nxc4 28. Rxa3 Qxa3 29. O-O Nxe3 30. fxe3 Qxe3+ 31. Kh1 Qxg5 32. Qf3 Qe7 33. d5 Bxe5 34. Re1 Qd6 35. Qe4 Bf6 36. Qe8+ Rxe8 37. Rxe8+ Qf8 38. Rxf8+ Kxf8 39. Be4 Ke7 40. Kg2 h6 41. h3 Kd6 42. Kf3 Ke5 43. Ke3 Be7 44.
Kd3 f5 45. Bg2 g5 46. Ke2 Bd6 47. Kf2 Kf4 48. Bf3 Bc5+ 49. Kg2 g4 50. hxg4 fxg4 51. Bd1 h5 52. Ba4 h4 53. Bc6 h3+ 54. Kh2 Bd6 55. Bb5 Kf3+ 56. Kh1 g3 57. Bf1 g2+ 58. Bxg2+ hxg2+ 59. Kg1 Bc5+ 60. Kh2 g1=Q+ 0-1